Workbook

Sheet Orçamento
A2: Obra: Construção de centro de convivência - piscina CRAS
A3: Proprietário: Prefeitura Municipal de Barracão
A4: Local: Rua Ernesto Bergamo - Centro - Barracão/RS | E4: PLANILHA ORÇAMENTÁRIA
A5: BDI Padrão: | C5: 0.2532
A6: Bancos: SINAPI: RS 5/2026
A8: Item | B8: Tipo | C8: Banco | D8: Código | E8: Descrição | F8: Un. | G8: Qtd. | H8: Preço Unit | I8: Preço com BDI | J8: Total sem BDI | K8: Total
A9: 1 | E9: SERVIÇOS PRELIMINARES | K9: =SUM(K10:K11) -> 6614.0951
A10: 1.1 | B10: Composição | C10: SINAPI | D10: 103689 | E10: FORNECIMENTO E INSTALAÇÃO DE PLACA DE OBRA COM CHAPA GALVANIZADA E ESTRUTURA DE MADEIRA. AF_03/2022_PS | F10: M2 | G10: 2 | H10: 494.87 | I10: =H10*(1+$C$5) -> 620.17108 | J10: =H10*G10 -> 989.74 | K10: =G10*I10 -> 1240.3422 | M10: =SUM(J10:J11) -> 5277.765
A11: 1.2 | B11: Composição | C11: SINAPI | D11: 105009 | E11: LOCAÇÃO CONVENCIONAL DE OBRA, UTILIZANDO GABARITO DE TÁBUAS CORRIDAS PONTALETADAS A CADA 1,50M - 2 UTILIZAÇÕES. AF_03/2024 | F11: M | G11: 53.5 | H11: 80.15 | I11: =H11*(1+$C$5) -> 100.44398 | J11: =H11*G11 -> 4288.025 | K11: =G11*I11 -> 5373.7529
A13: 2 | E13: INFRAESTRUTURA | K13: =K14+K20+K27 -> 32746.653
A14: 2.1 | E14: SAPATAS | K14: =SUM(K15:K19) -> 8324.8221
A15: 2.1.1 | B15: Composição | C15: SINAPI | D15: 96523 | E15: ESCAVAÇÃO MANUAL PARA BLOCO DE COROAMENTO OU SAPATA (INCLUINDO ESCAVAÇÃO PARA COLOCAÇÃO DE FÔRMAS). AF_01/2024 | F15: M3 | G15: 2.4 | H15: 106.47 | I15: =H15*(1+$C$5) -> 133.4282 | J15: =H15*G15 -> 255.528 | K15: =G15*I15 -> 320.22769 | M15: =SUM(J15:J19) -> 6642.852
A16: 2.1.1 | B16: Composição | C16: SINAPI | D16: 96532 | E16: FABRICAÇÃO, MONTAGEM E DESMONTAGEM DE FÔRMA PARA SAPATA, EM MADEIRA SERRADA, E=25 MM, 2 UTILIZAÇÕES. AF_01/2024 | F16: M2 | G16: 17.6 | H16: 178.29 | I16: =H16*(1+$C$5) -> 223.43303 | J16: =H16*G16 -> 3137.904 | K16: =G16*I16 -> 3932.4213
A17: 2.1.2 | B17: Composição | C17: SINAPI | D17: 96545 | E17: ARMAÇÃO DE BLOCO UTILIZANDO AÇO CA-50 DE 8 MM - MONTAGEM. AF_01/2024 | F17: KG | G17: 47.4 | H17: 16.3 | I17: =H17*(1+$C$5) -> 20.42716 | J17: =H17*G17 -> 772.62 | K17: =G17*I17 -> 968.24738
A18: 2.1.3 | B18: Composição | C18: SINAPI | D18: 96556 | E18: CONCRETAGEM DE SAPATA, FCK 30 MPA, COM USO DE JERICA - LANÇAMENTO, ADENSAMENTO E ACABAMENTO. AF_01/2024 | F18: M3 | G18: 2.4 | H18: 1005.74 | I18: =H18*(1+$C$5) -> 1260.3934 | J18: =H18*G18 -> 2413.776 | K18: =G18*I18 -> 3024.9441
A19: 2.1.4 | B19: Composição | C19: SINAPI | D19: 93382 | E19: REATERRO MANUAL DE VALAS, COM COMPACTADOR DE SOLOS DE PERCUSSÃO. AF_08/2023 | F19: M3 | G19: 2.08 | H19: 30.3 | I19: =H19*(1+$C$5) -> 37.97196 | J19: =H19*G19 -> 63.024 | K19: =G19*I19 -> 78.981677
A20: 2.2 | E20: VIGAS BALDRAMES | K20: =SUM(K21:K26) -> 18889.957
A21: 2.2.1 | B21: Composição | C21: SINAPI | D21: 96527 | E21: ESCAVAÇÃO MANUAL PARA VIGA BALDRAME OU SAPATA CORRIDA (INCLUINDO ESCAVAÇÃO PARA COLOCAÇÃO DE FÔRMAS). AF_01/2024 | F21: M3 | G21: 11.77 | H21: 117.26 | I21: =H21*(1+$C$5) -> 146.95023 | J21: =H21*G21 -> 1380.1502 | K21: =G21*I21 -> 1729.6042 | M21: =SUM(J21:J26) -> 15073.377
A22: 2.2.2 | B22: Composição | C22: SINAPI | D22: 96533 | E22: FABRICAÇÃO, MONTAGEM E DESMONTAGEM DE FÔRMA PARA VIGA BALDRAME, EM MADEIRA SERRADA, E=25 MM, 2 UTILIZAÇÕES. AF_01/2024 | F22: M2 | G22: 58.83 | H22: 90.8 | I22: =H22*(1+$C$5) -> 113.79056 | J22: =H22*G22 -> 5341.764 | K22: =G22*I22 -> 6694.2986
A23: 2.2.3 | B23: Composição | C23: SINAPI | D23: 96555 | E23: CONCRETAGEM DE BLOCO DE COROAMENTO OU VIGA BALDRAME, FCK 30 MPA, COM USO DE JERICA - LANÇAMENTO, ADENSAMENTO E ACABAMENTO. AF_01/2024 | F23: M3 | G23: 4.41 | H23: 837.77 | I23: =H23*(1+$C$5) -> 1049.8934 | J23: =H23*G23 -> 3694.5657 | K23: =G23*I23 -> 4630.0297
A24: 2.2.4 | B24: Composição | C24: SINAPI | D24: 104916 | E24: ARMAÇÃO DE SAPATA ISOLADA, VIGA BALDRAME E SAPATA CORRIDA UTILIZANDO AÇO CA-60 DE 5 MM - MONTAGEM. AF_01/2024 | F24: KG | G24: 78.44 | H24: 17.13 | I24: =H24*(1+$C$5) -> 21.467316 | J24: =H24*G24 -> 1343.6772 | K24: =G24*I24 -> 1683.8963
A25: 2.2.5 | B25: Composição | C25: SINAPI | D25: 104919 | E25: ARMAÇÃO DE SAPATA ISOLADA, VIGA BALDRAME E SAPATA CORRIDA UTILIZANDO AÇO CA-50 DE 10 MM - MONTAGEM. AF_01/2024 | F25: KG | G25: 241.99 | H25: 12.77 | I25: =H25*(1+$C$5) -> 16.003364 | J25: =H25*G25 -> 3090.2123 | K25: =G25*I25 -> 3872.6541
A26: 2.2.6 | B26: Composição | C26: SINAPI | D26: 93382 | E26: REATERRO MANUAL DE VALAS, COM COMPACTADOR DE SOLOS DE PERCUSSÃO. AF_08/2023 | F26: M3 | G26: 7.36 | H26: 30.3 | I26: =H26*(1+$C$5) -> 37.97196 | J26: =H26*G26 -> 223.008 | K26: =G26*I26 -> 279.47363
A27: 2.3 | E27: IMPERMEABILIZAÇÃO | K27: =SUM(K28) -> 5531.8747
A28: 2.3.1 | B28: Composição | C28: SINAPI | D28: 98557 | E28: IMPERMEABILIZAÇÃO DE SUPERFÍCIE COM EMULSÃO ASFÁLTICA, 2 DEMÃOS. AF_09/2023 | F28: M2 | G28: 95.94 | H28: 46.01 | I28: =H28*(1+$C$5) -> 57.659732 | J28: =H28*G28 -> 4414.1994 | K28: =G28*I28 -> 5531.8747 | M28: =SUM(J28) -> 4414.1994
A30: 3 | E30: SUPRAESTRUTURA | K30: =K31+K36 -> 30931
A31: 3.1 | E31: PILARES EM CONCRETO ARMADO | K31: =SUM(K32:K35) -> 9220.5157
A32: 3.1.1 | B32: Composição | C32: SINAPI | D32: 104107 | E32: ARMAÇÃO DE PILAR OU VIGA DE ESTRUTURA DE CONCRETO ARMADO EMBUTIDA EM ALVENARIA DE VEDAÇÃO UTILIZANDO AÇO CA-50 DE 12,5 MM - MONTAGEM. AF_06/2022 | F32: KG | G32: 184.9 | H32: 10.78 | I32: =H32*(1+$C$5) -> 13.509496 | J32: =H32*G32 -> 1993.222 | K32: =G32*I32 -> 2497.9058 | M32: =SUM(J32:J35) -> 7357.5772
A33: 3.1.2 | B33: Composição | C33: SINAPI | D33: 92269 | E33: FABRICAÇÃO DE FÔRMA PARA PILARES E ESTRUTURAS SIMILARES, EM MADEIRA SERRADA, E=25 MM. AF_09/2020 | F33: M2 | G33: 25.2 | H33: 120.26 | I33: =H33*(1+$C$5) -> 150.70983 | J33: =H33*G33 -> 3030.552 | K33: =G33*I33 -> 3797.8878
A34: 3.1.3 | B34: Composição | C34: SINAPI | D34: 103672 | E34: CONCRETAGEM DE PILARES, FCK = 25 MPA, COM USO DE BOMBA - LANÇAMENTO, ADENSAMENTO E ACABAMENTO. AF_02/2022_PS | F34: M3 | G34: 2.16 | H34: 691.84 | I34: =H34*(1+$C$5) -> 867.01389 | J34: =H34*G34 -> 1494.3744 | K34: =G34*I34 -> 1872.75
A35: 3.1.4 | B35: Composição | C35: SINAPI | D35: 104111 | E35: ARMAÇÃO DE PILAR OU VIGA DE ESTRUTURA DE CONCRETO ARMADO EMBUTIDA EM ALVENARIA DE VEDAÇÃO UTILIZANDO AÇO CA-60 DE 5,0 MM - MONTAGEM. AF_06/2022 | F35: KG | G35: 39.84 | H35: 21.07 | I35: =H35*(1+$C$5) -> 26.404924 | J35: =H35*G35 -> 839.4288 | K35: =G35*I35 -> 1051.9722
A36: 3.2 | E36: VIGAS DE AMARRAÇÃO | K36: =SUM(K37:K40) -> 21710.484
A37: 3.2.1 | B37: Composição | C37: SINAPI | D37: 103675 | E37: CONCRETAGEM DE VIGAS E LAJES, FCK=25 MPA, PARA LAJES MACIÇAS OU NERVURADAS COM USO DE BOMBA - LANÇAMENTO, ADENSAMENTO E ACABAMENTO. AF_02/2022_PS | F37: M3 | G37: 4.37 | H37: 691.9 | I37: =H37*(1+$C$5) -> 867.08908 | J37: =H37*G37 -> 3023.603 | K37: =G37*I37 -> 3789.1793 | M37: =SUM(J37:J40) -> 17324.038
A38: 3.2.2 | B38: Composição | C38: SINAPI | D38: 92270 | E38: FABRICAÇÃO DE FÔRMA PARA VIGAS, COM MADEIRA SERRADA, E = 25 MM. AF_09/2020 | F38: M2 | G38: 58.23 | H38: 164.73 | I38: =H38*(1+$C$5) -> 206.43964 | J38: =H38*G38 -> 9592.2279 | K38: =G38*I38 -> 12020.98
A39: 3.2.3 | B39: Composição | C39: SINAPI | D39: 104111 | E39: ARMAÇÃO DE PILAR OU VIGA DE ESTRUTURA DE CONCRETO ARMADO EMBUTIDA EM ALVENARIA DE VEDAÇÃO UTILIZANDO AÇO CA-60 DE 5,0 MM - MONTAGEM. AF_06/2022 | F39: KG | G39: 77.72 | H39: 21.07 | I39: =H39*(1+$C$5) -> 26.404924 | J39: =H39*G39 -> 1637.5604 | K39: =G39*I39 -> 2052.1907
A40: 3.2.4 | B40: Composição | C40: SINAPI | D40: 104108 | E40: ARMAÇÃO DE PILAR OU VIGA DE ESTRUTURA DE CONCRETO ARMADO EMBUTIDA EM ALVENARIA DE VEDAÇÃO UTILIZANDO AÇO CA-50 DE 10,0 MM - MONTAGEM. AF_06/2022 | F40: KG | G40: 239.52 | H40: 12.82 | I40: =H40*(1+$C$5) -> 16.066024 | J40: =H40*G40 -> 3070.6464 | K40: =G40*I40 -> 3848.1341
A42: 4 | E42: FECHAMENTOS E ALVENARIAS | K42: =SUM(K43:K47) -> 29425.914
A43: 4.1 | B43: Composição | C43: SINAPI | D43: 103346 | E43: ALVENARIA DE VEDAÇÃO DE BLOCOS CERÂMICOS FURADOS NA VERTICAL DE 14X19X29 CM (ESPESSURA 14 CM) E ARGAMASSA DE ASSENTAMENTO COM PREPARO EM BETONEIRA. AF_12/2021 | F43: M2 | G43: 178.55 | H43: 97.6 | I43: =H43*(1+$C$5) -> 122.31232 | J43: =H43*G43 -> 17426.48 | K43: =G43*I43 -> 21838.865 | M43: =SUM(J43:J47) -> 23480.621
A44: 4.2 | B44: Composição | C44: SINAPI | D44: 103357 | E44: ALVENARIA DE VEDAÇÃO DE BLOCOS CERÂMICOS FURADOS NA HORIZONTAL DE 9X19X29 CM (ESPESSURA 9 CM) E ARGAMASSA DE ASSENTAMENTO COM PREPARO MANUAL. AF_12/2021 | F44: M2 | G44: 21.09 | H44: 66.02 | I44: =H44*(1+$C$5) -> 82.736264 | J44: =H44*G44 -> 1392.3618 | K44: =G44*I44 -> 1744.9078
A45: 4.3 | B45: Composição | C45: SINAPI | D45: 105029 | E45: CONTRAVERGA MOLDADA IN LOCO EM CONCRETO, ESPESSURA DE *15* CM. AF_03/2024 | F45: M | G45: 23.6 | H45: 50.58 | I45: =H45*(1+$C$5) -> 63.386856 | J45: =H45*G45 -> 1193.688 | K45: =G45*I45 -> 1495.9298
A46: 4.4 | B46: Composição | C46: SINAPI | D46: 105023 | E46: VERGA MOLDADA IN LOCO EM CONCRETO, ESPESSURA DE *15* CM. AF_03/2024 | F46: M | G46: 29.1 | H46: 66.25 | I46: =H46*(1+$C$5) -> 83.0245 | J46: =H46*G46 -> 1927.875 | K46: =G46*I46 -> 2416.013
A47: 4.5 | B47: Composição | C47: SINAPI | D47: 102253 | E47: DIVISORIA SANITÁRIA, EM GRANITO CINZA POLIDO, ESP = 3CM, ASSENTADO COM ARGAMASSA COLANTE AC III-E. AF_10/2025 | F47: M2 | G47: 1.52 | H47: 1013.3 | I47: =H47*(1+$C$5) -> 1269.8676 | J47: =H47*G47 -> 1540.216 | K47: =G47*I47 -> 1930.1987
A49: 5 | E49: COBERTURA | K49: =SUM(K50:K50) -> 87281.62
A50: 5.1 | B50: Insumo | C50: COTAÇÃO | E50: TESOURAS METÁLICAS DE 10,80M – 0,075 X 0,50 X 10,60 M, COM CHAPA DE 2,25 MM; MEIA TESOURA METÁLICA DE 3,65 M – 0,075 X 0,50 X 4,20M, COM CHAPA DE 2,25 MM. TERÇAS 15X 40 X 75, CHAPA 2,0 MM. FOLHAS DE ALUZINCO TP40 SANDUICHE, 0,50 MM DE 5,60 M E 3,75 M. PLATIBANDA METÁLICA E BEIRAIS, NA COR CHUMBO. ESTRUTURA PARA PLATIBANDA 0,10X1,2M E 0,10X0,80M; CALHAS DE ALUZINCO LISO 0,50MM, CORTE 1,0M; ALGEROSA DE ALUZINCO LISO 0,50MM, CORTE 0,50CM. TODA A ESTRUTURA METÁLICA DEVERÁ RECEBER TRATAMENTO ANTICORROSIVO E PINTURA ESMALTE SINTÉTICO/ACRÍLICO NA COR DEFINIDA PELA FISCALIZAÇÃO. | F50: UN | G50: 1 | H50: 69647 | I50: =H50*(1+$C$5) -> 87281.62 | J50: =H50*G50 -> 69647 | K50: =G50*I50 -> 87281.62
A52: 6 | E52: REVESTIMENTOS | K52: =K53+K57+K60 -> 56992.159
A53: 6.1 | E53: REVESTIMENTOS INTERNOS | K53: =SUM(K54:K56) -> 29993.366
A54: 6.1.1 | B54: Composição | C54: SINAPI | D54: 87879 | E54: CHAPISCO APLICADO EM ALVENARIAS E ESTRUTURAS DE CONCRETO INTERNAS, COM COLHER DE PEDREIRO. ARGAMASSA TRAÇO 1:3 COM PREPARO EM BETONEIRA 400L. AF_10/2022 | F54: M2 | G54: 302.98 | H54: 5.04 | I54: =H54*(1+$C$5) -> 6.316128 | J54: =H54*G54 -> 1527.0192 | K54: =G54*I54 -> 1913.6605 | M54: =SUM(J54:J56) -> 23933.424
A55: 6.1.2 | B55: Composição | C55: SINAPI | D55: 87529 | E55: MASSA ÚNICA, EM ARGAMASSA TRAÇO 1:2:8, PREPARO MECÂNICO, APLICADA MANUALMENTE EM PAREDES INTERNAS DE AMBIENTES COM ÁREA ENTRE 5M² E 10M², E = 17,5MM, COM TALISCAS. AF_03/2024 | F55: M2 | G55: 302.98 | H55: 39.18 | I55: =H55*(1+$C$5) -> 49.100376 | J55: =H55*G55 -> 11870.756 | K55: =G55*I55 -> 14876.432
A56: 6.1.3 | B56: Composição | C56: SINAPI | D56: 87273 | E56: REVESTIMENTO CERÂMICO PARA PAREDES INTERNAS COM PLACAS TIPO ESMALTADA DE DIMENSÕES 33X45 CM APLICADAS NA ALTURA INTEIRA DAS PAREDES. AF_02/2023_PE | F56: M2 | G56: 153.85 | H56: 68.48 | I56: =H56*(1+$C$5) -> 85.819136 | J56: =H56*G56 -> 10535.648 | K56: =G56*I56 -> 13203.274
A57: 6.2 | E57: REVESTIMENTOS EXTERNOS | K57: =SUM(K58:K59) -> 11378.962
A58: 6.2.1 | B58: Composição | C58: SINAPI | D58: 87905 | E58: CHAPISCO APLICADO EM ALVENARIA (COM PRESENÇA DE VÃOS) E ESTRUTURAS DE CONCRETO DE FACHADA, COM COLHER DE PEDREIRO. ARGAMASSA TRAÇO 1:3 COM PREPARO EM BETONEIRA 400L. AF_10/2022 | F58: M2 | G58: 125.5 | H58: 8.95 | I58: =H58*(1+$C$5) -> 11.21614 | J58: =H58*G58 -> 1123.225 | K58: =G58*I58 -> 1407.6256 | M58: =SUM(J58:J59) -> 9079.925
A59: 6.2.2 | B59: Composição | C59: SINAPI | D59: 87777 | E59: EMBOÇO OU MASSA ÚNICA EM ARGAMASSA TRAÇO 1:2:8, PREPARO MANUAL, APLICADA MANUALMENTE EM PANOS DE FACHADA COM PRESENÇA DE VÃOS, ESPESSURA DE 25 MM. AF_08/2022 | F59: M2 | G59: 125.5 | H59: 63.4 | I59: =H59*(1+$C$5) -> 79.45288 | J59: =H59*G59 -> 7956.7 | K59: =G59*I59 -> 9971.3364
A60: 6.3 | E60: FORROS | K60: =SUM(K61:K62) -> 15619.831
A61: 6.3.1 | B61: Composição | C61: SINAPI | D61: 96486 | E61: FORRO EM RÉGUAS DE PVC, LISO, PARA AMBIENTES COMERCIAIS, INCLUSIVE ESTRUTURA BIDIRECIONAL DE FIXAÇÃO. AF_08/2023_PS | F61: M2 | G61: 134.42 | H61: 88.65 | I61: =H61*(1+$C$5) -> 111.09618 | J61: =H61*G61 -> 11916.333 | K61: =G61*I61 -> 14933.549 | M61: =SUM(J61:J62) -> 12463.957
A62: 6.3.2 | B62: Insumo | C62: SINAPI | D62: 36246 | E62: ACABAMENTO SIMPLES/CONVENCIONAL PARA FORRO PVC, TIPO "U" OU "C", COR BRANCA, COMPRIMENTO 6 M | F62: M | G62: 101.6 | H62: 5.39 | I62: =H62*(1+$C$5) -> 6.754748 | J62: =H62*G62 -> 547.624 | K62: =G62*I62 -> 686.2824
A64: 7 | E64: PAVIMENTAÇÃO | K64: =SUM(K65:K72) -> 46341.055
A65: 7.1 | B65: Composição | C65: SINAPI | D65: 100324 | E65: LASTRO COM MATERIAL GRANULAR (PEDRA BRITADA N.1 E PEDRA BRITADA N.2), APLICADO EM PISOS OU LAJES SOBRE SOLO, ESPESSURA DE *10 CM*. AF_01/2024 | F65: M3 | G65: 11.04 | H65: 181.1 | I65: =H65*(1+$C$5) -> 226.95452 | J65: =H65*G65 -> 1999.344 | K65: =G65*I65 -> 2505.5779 | M65: =SUM(J65:J72) -> 36978.18
A66: 7.2 | B66: Insumo | C66: SINAPI | D66: 7156 | E66: TELA DE ACO SOLDADA NERVURADA, CA-60, Q-196, (3,11 KG/M2), DIAMETRO DO FIO = 5,0 MM, LARGURA = 2,45 M, ESPACAMENTO DA MALHA = 10 X 10 CM | F66: M2 | G66: 343.41 | H66: 28.35 | I66: =H66*(1+$C$5) -> 35.52822 | J66: =H66*G66 -> 9735.6735 | K66: =G66*I66 -> 12200.746
A67: 7.3 | B67: Composição | C67: SINAPI | D67: 94962 | E67: CONCRETO MAGRO PARA LASTRO, TRAÇO 1:4,5:4,5 (EM MASSA SECA DE CIMENTO/ AREIA MÉDIA/ BRITA 1) - PREPARO MECÂNICO COM BETONEIRA 400 L. AF_05/2021 | F67: M3 | G67: 5.52 | H67: 449.43 | I67: =H67*(1+$C$5) -> 563.22568 | J67: =H67*G67 -> 2480.8536 | K67: =G67*I67 -> 3109.0057
A68: 7.4 | B68: Composição | C68: SINAPI | D68: 87630 | E68: CONTRAPISO EM ARGAMASSA TRAÇO 1:4 (CIMENTO E AREIA), PREPARO MECÂNICO COM BETONEIRA 400 L, APLICADO EM ÁREAS SECAS SOBRE LAJE, ADERIDO, ACABAMENTO NÃO REFORÇADO, ESPESSURA 3CM. AF_07/2021 | F68: M2 | G68: 110.42 | H68: 45.79 | I68: =H68*(1+$C$5) -> 57.384028 | J68: =H68*G68 -> 5056.1318 | K68: =G68*I68 -> 6336.3444
A69: 7.5 | B69: Composição | C69: SINAPI | D69: 87263 | E69: REVESTIMENTO CERÂMICO PARA PISO COM PLACAS TIPO PORCELANATO DE DIMENSÕES 60X60 CM APLICADA EM AMBIENTES DE ÁREA MAIOR QUE 10 M². AF_02/2023_PE | F69: M2 | G69: 110.42 | H69: 116.16 | I69: =H69*(1+$C$5) -> 145.57171 | J69: =H69*G69 -> 12826.387 | K69: =G69*I69 -> 16074.028
A70: 7.6 | B70: Composição | C70: SINAPI | D70: 88650 | E70: RODAPÉ CERÂMICO DE 7CM DE ALTURA COM PLACAS TIPO ESMALTADA DE DIMENSÕES 60X60CM. AF_02/2023 | F70: M | G70: 90.7 | H70: 12.1 | I70: =H70*(1+$C$5) -> 15.16372 | J70: =H70*G70 -> 1097.47 | K70: =G70*I70 -> 1375.3494
A71: 7.7 | B71: Composição | C71: SINAPI | D71: 98689 | E71: SOLEIRA EM GRANITO, LARGURA 15 CM, ESPESSURA 2,0 CM. AF_09/2020 | F71: M | G71: 2 | H71: 140.88 | I71: =H71*(1+$C$5) -> 176.55082 | J71: =H71*G71 -> 281.76 | K71: =G71*I71 -> 353.10163
A72: 7.8 | B72: Composição | C72: SINAPI | D72: 101965 | E72: PEITORIL LINEAR EM GRANITO OU MÁRMORE, L = 15CM, ASSENTADO COM ARGAMASSA 1:6 COM ADITIVO. AF_11/2020 | F72: M | G72: 18.8 | H72: 186.2 | I72: =H72*(1+$C$5) -> 233.34584 | J72: =H72*G72 -> 3500.56 | K72: =G72*I72 -> 4386.9018
A74: 8 | E74: ESQUADRIAS | K74: =SUM(K75:K81) -> 45008.152
A75: 8.1 | B75: Insumo | C75: COTAÇÃO | E75: PORTA DE ENTRADA DE CORRER 02 FOLHAS VIDRO TEMPERADO INCOLOR 10MM - 210 X 260 CM | F75: UN | G75: 1 | H75: 2853 | I75: =H75*(1+$C$5) -> 3575.3796 | J75: =H75*G75 -> 2853 | K75: =G75*I75 -> 3575.3796 | M75: =SUM(J75:J81) -> 35914.58
A76: 8.2 | B76: Insumo | C76: COTAÇÃO | E76: PORTA DE GIRO ALUMÍNIO + ACM - 90 X 210 CM | F76: UN | G76: 4 | H76: 1660 | I76: =H76*(1+$C$5) -> 2080.312 | J76: =H76*G76 -> 6640 | K76: =G76*I76 -> 8321.248
A77: 8.3 | B77: Insumo | C77: COTAÇÃO | E77: PORTA DE GIRO ALUMÍNIO - 70 X 210 CM | F77: UN | G77: 6 | H77: 1665 | I77: =H77*(1+$C$5) -> 2086.578 | J77: =H77*G77 -> 9990 | K77: =G77*I77 -> 12519.468
A78: 8.4 | B78: Insumo | C78: COTAÇÃO | E78: PORTA DE CORRER ALUMÍNIO + ACM - 110 X 210 CM | F78: UN | G78: 1 | H78: 2053.43 | I78: =H78*(1+$C$5) -> 2573.3585 | J78: =H78*G78 -> 2053.43 | K78: =G78*I78 -> 2573.3585
A79: 8.5 | B79: Insumo | C79: COTAÇÃO | E79: JANELA DE ALUMINIO 03 FOLHAS DE CORRER + BANDEIRA INFERIOR FIXA - 3,20 X 2,00 | F79: UN | G79: 4 | H79: 2815 | I79: =H79*(1+$C$5) -> 3527.758 | J79: =H79*G79 -> 11260 | K79: =G79*I79 -> 14111.032
A80: 8.6 | B80: Insumo | C80: COTAÇÃO | E80: JANELA DE ALUMINIO 02 FOLHAS DE CORRER 2,00 X 0,70 | F80: UN | G80: 2 | H80: 1073.075 | I80: =H80*(1+$C$5) -> 1344.7776 | J80: =H80*G80 -> 2146.15 | K80: =G80*I80 -> 2689.5552
A81: 8.7 | B81: Insumo | C81: COTAÇÃO | E81: JANELA MAXIM-AR 1 FOLHAS 1,00 X 0,70 | F81: UN | G81: 2 | H81: 486 | I81: =H81*(1+$C$5) -> 609.0552 | J81: =H81*G81 -> 972 | K81: =G81*I81 -> 1218.1104
A83: 9 | E83: PINTURAS | K83: =SUM(K84:K86) -> 20603.582
A84: 9.1 | B84: Composição | C84: SINAPI | D84: 88497 | E84: EMASSAMENTO COM MASSA LÁTEX, APLICAÇÃO EM PAREDE, DUAS DEMÃOS, LIXAMENTO MANUAL. AF_04/2023 | F84: M2 | G84: 428.48 | H84: 20.38 | I84: =H84*(1+$C$5) -> 25.540216 | J84: =H84*G84 -> 8732.4224 | K84: =G84*I84 -> 10943.472 | M84: =SUM(J84:J86) -> 16440.778
A85: 9.2 | B85: Composição | C85: SINAPI | D85: 88485 | E85: FUNDO SELADOR ACRÍLICO, APLICAÇÃO MANUAL EM PAREDE, UMA DEMÃO. AF_04/2023 | F85: M2 | G85: 428.48 | H85: 4.03 | I85: =H85*(1+$C$5) -> 5.050396 | J85: =H85*G85 -> 1726.7744 | K85: =G85*I85 -> 2163.9937
A86: 9.4 | B86: Composição | C86: SINAPI | D86: 88489 | E86: PINTURA LÁTEX ACRÍLICA PREMIUM, APLICAÇÃO MANUAL EM PAREDES, DUAS DEMÃOS. AF_04/2023 | F86: M2 | G86: 428.48 | H86: 13.96 | I86: =H86*(1+$C$5) -> 17.494672 | J86: =H86*G86 -> 5981.5808 | K86: =G86*I86 -> 7496.1171
A88: 10 | E88: INSTALAÇÕES ELÉTRICAS | K88: =SUM(K89:K112) -> 26654.248
A89: 10.1 | B89: Composição | C89: SINAPI | D89: 90456 | E89: QUEBRA EM ALVENARIA PARA INSTALAÇÃO DE CAIXA DE TOMADA (4X4 OU 4X2). AF_09/2023 | F89: UN | G89: 20 | H89: 6.13 | I89: =H89*(1+$C$5) -> 7.682116 | J89: =H89*G89 -> 122.6 | K89: =G89*I89 -> 153.64232 | M89: =SUM(J89:J112) -> 21268.95
A90: 10.2 | B90: Composição | C90: SINAPI | D90: 92012 | E90: TOMADA MÉDIA DE EMBUTIR (3 MÓDULOS), 2P+T 10 A, INCLUINDO SUPORTE E PLACA - FORNECIMENTO E INSTALAÇÃO. AF_03/2023 | F90: UN | G90: 20 | H90: 89.55 | I90: =H90*(1+$C$5) -> 112.22406 | J90: =H90*G90 -> 1791 | K90: =G90*I90 -> 2244.4812
A91: 10.3 | B91: Composição | C91: SINAPI | D91: 91925 | E91: CABO DE COBRE FLEXÍVEL ISOLADO, 1,5 MM², ANTI-CHAMA 0,6/1,0 KV, PARA CIRCUITOS TERMINAIS - FORNECIMENTO E INSTALAÇÃO. AF_03/2023 | F91: M | G91: 198 | H91: 4.08 | I91: =H91*(1+$C$5) -> 5.113056 | J91: =H91*G91 -> 807.84 | K91: =G91*I91 -> 1012.3851
A92: 10.4 | B92: Composição | C92: SINAPI | D92: 91927 | E92: CABO DE COBRE FLEXÍVEL ISOLADO, 2,5 MM², ANTI-CHAMA 0,6/1,0 KV, PARA CIRCUITOS TERMINAIS - FORNECIMENTO E INSTALAÇÃO. AF_03/2023 | F92: M | G92: 126 | H92: 5.49 | I92: =H92*(1+$C$5) -> 6.880068 | J92: =H92*G92 -> 691.74 | K92: =G92*I92 -> 866.88857
A93: 10.5 | B93: Composição | C93: SINAPI | D93: 91929 | E93: CABO DE COBRE FLEXÍVEL ISOLADO, 4 MM², ANTI-CHAMA 0,6/1,0 KV, PARA CIRCUITOS TERMINAIS - FORNECIMENTO E INSTALAÇÃO. AF_03/2023 | F93: M | G93: 45 | H93: 8.09 | I93: =H93*(1+$C$5) -> 10.138388 | J93: =H93*G93 -> 364.05 | K93: =G93*I93 -> 456.22746
A94: 10.6 | B94: Composição | C94: SINAPI | D94: 91932 | E94: CABO DE COBRE FLEXÍVEL ISOLADO, 10 MM², ANTI-CHAMA 450/750 V, PARA CIRCUITOS TERMINAIS - FORNECIMENTO E INSTALAÇÃO. AF_03/2023 | F94: M | G94: 30 | H94: 18.89 | I94: =H94*(1+$C$5) -> 23.672948 | J94: =H94*G94 -> 566.7 | K94: =G94*I94 -> 710.18844
A95: 10.7 | B95: Composição | C95: SINAPI | D95: 91931 | E95: CABO DE COBRE FLEXÍVEL ISOLADO, 6 MM², ANTI-CHAMA 0,6/1,0 KV, PARA CIRCUITOS TERMINAIS - FORNECIMENTO E INSTALAÇÃO. AF_03/2023 | F95: M | G95: 150 | H95: 11.41 | I95: =H95*(1+$C$5) -> 14.299012 | J95: =H95*G95 -> 1711.5 | K95: =G95*I95 -> 2144.8518
A96: 10.9 | B96: Composição | C96: SINAPI | D96: 91856 | E96: ELETRODUTO FLEXÍVEL CORRUGADO, PVC, DN 32 MM (1"), PARA CIRCUITOS TERMINAIS, INSTALADO EM PAREDE - FORNECIMENTO E INSTALAÇÃO. AF_03/2023 | F96: M | G96: 205 | H96: 15.17 | I96: =H96*(1+$C$5) -> 19.011044 | J96: =H96*G96 -> 3109.85 | K96: =G96*I96 -> 3897.264
A97: 10.10 | B97: Composição | C97: SINAPI | D97: 91836 | E97: ELETRODUTO FLEXÍVEL CORRUGADO, PVC, DN 32 MM (1"), PARA CIRCUITOS TERMINAIS, INSTALADO EM FORRO - FORNECIMENTO E INSTALAÇÃO. AF_03/2023 | F97: M | G97: 100 | H97: 23.15 | I97: =H97*(1+$C$5) -> 29.01158 | J97: =H97*G97 -> 2315 | K97: =G97*I97 -> 2901.158
A98: 10.11 | B98: Composição | C98: SINAPI | D98: 97607 | E98: LUMINÁRIA ARANDELA TIPO TARTARUGA, DE SOBREPOR, COM 1 LÂMPADA LED DE 6 W, SEM REATOR - FORNECIMENTO E INSTALAÇÃO. AF_09/2024 | F98: UN | G98: 2 | H98: 89.18 | I98: =H98*(1+$C$5) -> 111.76038 | J98: =H98*G98 -> 178.36 | K98: =G98*I98 -> 223.52075
A99: 10.12 | B99: Insumo | C99: SINAPI | D99: 3780 | E99: LUMINARIA DE SOBREPOR EM CHAPA DE ACO PARA 1 LAMPADA FLUORESCENTE DE *36* W, ALETADA, COMPLETA (LAMPADA E REATOR INCLUSOS) | F99: UN | G99: 22 | H99: 79.01 | I99: =H99*(1+$C$5) -> 99.015332 | J99: =H99*G99 -> 1738.22 | K99: =G99*I99 -> 2178.3373
A100: 10.13 | B100: Insumo | C100: SINAPI | D100: 34616 | E100: DISJUNTOR TERMOMAGNETICO PARA TRILHO DIN (IEC), BIPOLAR, 6 - 32 A | F100: UN | G100: 10 | H100: 42.88 | I100: =H100*(1+$C$5) -> 53.737216 | J100: =H100*G100 -> 428.8 | K100: =G100*I100 -> 537.37216
A101: 10.14 | B101: Insumo | C101: SINAPI | D101: 39445 | E101: DISPOSITIVO DR, 2 POLOS, SENSIBILIDADE DE 30 MA, CORRENTE DE 25 A, TIPO AC | F101: UN | G101: 9 | H101: 115.2 | I101: =H101*(1+$C$5) -> 144.36864 | J101: =H101*G101 -> 1036.8 | K101: =G101*I101 -> 1299.3178
... A112: 10.25 | B112: Composição | C112: SINAPI | D112: 98295 | E112: CABO ELETRÔNICO CATEGORIA 5E, INSTALADO EM EDIFICAÇÃO INSTITUCIONAL - FORNECIMENTO E INSTALAÇÃO. AF_08/2025 | F112: M | G112: 50 | H112: 6.54 | I112: =H112*(1+$C$5) -> 8.195928 | J112: =H112*G112 -> 327 | K112: =G112*I112 -> 409.7964
A114: 11 | E114: INSTALAÇÕES HIDRÁULICAS | K114: =SUM(K115:K128) -> 4195.0745
A115: 11.1 | B115: Composição | C115: SINAPI | D115: 95676 | E115: CAIXA EM CONCRETO PRÉ-MOLDADO PARA ABRIGO DE HIDRÔMETRO COM DN 20 MM - FORNECIMENTO E INSTALAÇÃO. AF_03/2024 | F115: UN | G115: 1 | H115: 147.24 | I115: =H115*(1+$C$5) -> 184.52117 | J115: =H115*G115 -> 147.24 | K115: =G115*I115 -> 184.52117 | M115: =SUM(J115:J128) -> 3347.49
A116: 11.2 | B116: Composição | C116: SINAPI | D116: 95675 | E116: HIDRÔMETRO DN 3/4", 5,0 M3/H - FORNECIMENTO E INSTALAÇÃO. AF_03/2024 | F116: UN | G116: 1 | H116: 272.9 | I116: =H116*(1+$C$5) -> 341.99828 | J116: =H116*G116 -> 272.9 | K116: =G116*I116 -> 341.99828
A117: 11.3 | B117: Composição | C117: SINAPI | D117: 95665 | E117: KIT CAVALETE PARA MEDIÇÃO DE ÁGUA - ENTRADA INDIVIDUALIZADA, EM PPR PN25 DN 25 MM (3/4") PARA 1 MEDIDOR - FORNECIMENTO E INSTALAÇÃO (EXCLUSIVE HIDRÔMETRO). AF_03/2024 | F117: UN | G117: 1 | H117: 379.85 | I117: =H117*(1+$C$5) -> 476.02802 | J117: =H117*G117 -> 379.85 | K117: =G117*I117 -> 476.02802
A118: 11.4 | B118: Composição | C118: SINAPI | D118: 89403 | E118: TUBO, PVC, SOLDÁVEL, DE 32MM, INSTALADO EM RAMAL DE DISTRIBUIÇÃO DE ÁGUA - FORNECIMENTO E INSTALAÇÃO. AF_06/2022 | F118: M | G118: 36 | H118: 21.88 | I118: =H118*(1+$C$5) -> 27.420016 | J118: =H118*G118 -> 787.68 | K118: =G118*I118 -> 987.12058
A119: 11.5 | B119: Composição | C119: SINAPI | D119: 89402 | E119: TUBO, PVC, SOLDÁVEL, DE 25MM, INSTALADO EM RAMAL DE DISTRIBUIÇÃO DE ÁGUA - FORNECIMENTO E INSTALAÇÃO. AF_06/2022 | F119: M | G119: 42 | H119: 14.11 | I119: =H119*(1+$C$5) -> 17.682652 | J119: =H119*G119 -> 592.62 | K119: =G119*I119 -> 742.67138
A120: 11.6 | B120: Composição | C120: SINAPI | D120: 89434 | E120: LUVA SOLDÁVEL E COM ROSCA, PVC, SOLDÁVEL, DN 32MM X 1, INSTALADO EM RAMAL DE DISTRIBUIÇÃO DE ÁGUA - FORNECIMENTO E INSTALAÇÃO. AF_06/2022 | F120: UN | G120: 6 | H120: 12.7 | I120: =H120*(1+$C$5) -> 15.91564 | J120: =H120*G120 -> 76.2 | K120: =G120*I120 -> 95.49384
A121: 11.7 | B121: Insumo | C121: SINAPI | D121: 3873 | E121: LUVA DE CORRER PARA TUBO SOLDAVEL, PVC, 25 MM, PARA AGUA FRIA PREDIAL | F121: UN | G121: 6 | H121: 14.8 | I121: =H121*(1+$C$5) -> 18.54736 | J121: =H121*G121 -> 88.8 | K121: =G121*I121 -> 111.28416
A122: 11.8 | B122: Composição | C122: SINAPI | D122: 105231 | E122: BUCHA DE REDUÇÃO, PPR, DN 32 X 25 MM, INSTALADO EM RESERVAÇÃO PREDIAL DE ÁGUA - FORNECIMENTO E INSTALAÇÃO. AF_04/2024 | F122: UN | G122: 6 | H122: 9.65 | I122: =H122*(1+$C$5) -> 12.09338 | J122: =H122*G122 -> 57.9 | K122: =G122*I122 -> 72.56028
...

Sheet BDI
A2: Obra: Construção de centro de convivência - piscina CRAS
A3: Proprietário: Prefeitura Municipal de Barracão
A4: Local: Rua Ernesto Bergamo - Centro - Barracão/RS
C5: Relatório BDI - Padrão TCU
A6: Bancos: SINAPI: RS 5/2026
A8: Ordem | B8: Abreviação | C8: Descrição | D8: Grupo | E8: Valor
A9: 1 | B9: AC | C9: Administração Central | D9: A.1 Custos indiretos | E9: 4,00%
A10: 2 | B10: DF | C10: Despesas Financeiras | D10: A.2 Custos indiretos | E10: 1,23%
A11: 3 | B11: SG | C11: Seguros e Garantias | D11: A.3 Custos indiretos | E11: 1,57%
A12: 4 | B12: R | C12: Risco | D12: A.3 Custos indiretos | E12: 0,50%
A13: 5 | B13: L | C13: Lucro | D13: B. Lucro/remuneração | E13: 8,96%
A14: 6 | B14: T1 | C14: PIS | D14: C.1.1 Tributo federal | E14: 0,65%
A15: 7 | B15: T2 | C15: CONFINS | D15: C.1.2 Tributo federal | E15: 3,00%
A16: 8 | B16: T3 | C16: Contribuição Previdenciária (CPRB) | D16: C.1.3 Tributo federal | E16: 0,00%
A17: 9 | B17: T4 | C17: Tributos estaduais | D17: C.2 Tributo estadual | E17: 0,00%
A18: 10 | B18: T5 | C18: ISS | D18: C.3.1 ISS | E18: 3,00%
C40: Valor BDI: | D40: 0.2532
E42: Barracão, julho de 2026

Sheet CRONOGRAMA
A2: Obra: Construção de centro de convivência - piscina CRAS
A3: Proprietário: Prefeitura Municipal de Barracão
A4: Local: Rua Ernesto Bergamo - Centro - Barracão/RS
A5: Bancos: SINAPI RS 5/2026 | C5: Cronograma Físico-Financeiro
A6: BDI Padrão: 25,320%
A9: Item | B9: Descrição | C9: Total | D9: 1º mês | E9: 2º mês | F9: 3º mês | G9: 4º mês | H9: 5º mês | I9: 6º mês
A10: 1 | B10: SERVIÇOS PRELIMINARES | C10: =SUM(D10:I10) -> 1 | D10: 1
C11: =SUM(D11:I11) -> 6614.0951 | D11: =Orçamento!K9 -> 6614.0951
A12: 2 | B12: INFRAESTRUTURA | C12: =SUM(D12:I12) -> 1 | D12: 1
C13: =SUM(D13:I13) -> 32746.653 | D13: =Orçamento!K13 -> 32746.653
A14: 3 | B14: SUPRAESTRUTURA | C14: =SUM(D14:I14) -> 1 | E14: 0.5 | F14: 0.5
C15: =SUM(D15:I15) -> 30931 | E15: =E14*Orçamento!K30 -> 15465.5 | F15: =F14*Orçamento!K30 -> 15465.5
A16: 4 | B16: FECHAMENTOS E ALVENARIAS | C16: =SUM(D16:I16) -> 1 | E16: 0.5 | F16: 0.5
C17: =SUM(D17:I17) -> 29425.914 | E17: =E16*Orçamento!K42 -> 14712.957 | F17: =F16*Orçamento!K42 -> 14712.957
A18: 5 | B18: COBERTURA | C18: =SUM(D18:I18) -> 1 | F18: 0.5 | G18: 0.5
C19: =SUM(D19:I19) -> 87281.62 | F19: =F18*Orçamento!K49 -> 43640.81 | G19: =G18*Orçamento!K49 -> 43640.81
A20: 6 | B20: REVESTIMENTOS | C20: =SUM(D20:I20) -> 1 | G20: 0.5 | H20: 0.5
C21: =SUM(D21:I21) -> 56992.159 | G21: =G20*Orçamento!K52 -> 28496.08 | H21: =H20*Orçamento!K52 -> 28496.08
A22: 7 | B22: PAVIMENTAÇÃO | C22: =SUM(D22:I22) -> 1 | G22: 0.25 | H22: 0.75
C23: =SUM(D23:I23) -> 46341.055 | G23: =G22*Orçamento!K64 -> 11585.264 | H23: =H22*Orçamento!K64 -> 34755.791
A24: 8 | B24: ESQUADRIAS | C24: =SUM(D24:I24) -> 1 | H24: 1
C25: =SUM(D25:I25) -> 45008.152 | H25: =H24*Orçamento!K74 -> 45008.152
A26: 9 | B26: PINTURAS | C26: =SUM(D26:I26) -> 1 | H26: 0.5 | I26: 0.5
C27: =SUM(D27:I27) -> 20603.582 | H27: =H26*Orçamento!K83 -> 10301.791 | I27: =I26*Orçamento!K83 -> 10301.791
A28: 10 | B28: INSTALAÇÕES ELÉTRICAS | C28: =SUM(D28:I28) -> 1 | F28: 0.2 | G28: 0.4 | H28: 0.4
C29: =SUM(D29:I29) -> 26654.248 | F29: =F28*Orçamento!K88 -> 5330.8496 | G29: =G28*Orçamento!K88 -> 10661.699 | H29: =H28*Orçamento!K88 -> 10661.699
A30: 11 | B30: INSTALAÇÕES HIDRÁULICAS | C30: =SUM(D30:I30) -> 1 | F30: 0.5 | G30: 0.5
C31: =SUM(D31:I31) -> 4195.0745 | F31: =F30*Orçamento!K114 -> 2097.5372 | G31: =G30*Orçamento!K114 -> 2097.5372
A32: 12 | B32: INSTALAÇÕES SANITÁRIAS | C32: =SUM(D32:I32) -> 1 | F32: 0.2 | G32: 0.4 | H32: 0.4
C33: =SUM(D33:I33) -> 17536.078 | F33: =F32*Orçamento!K130 -> 3507.2155 | G33: =G32*Orçamento!K130 -> 7014.4311 | H33: =H32*Orçamento!K130 -> 7014.4311
A34: 13 | B34: INSTALAÇÕES PLUVIAIS | C34: =SUM(D34:I34) -> 1 | F34: 0.25 | G34: 0.75
C35: =SUM(D35:I35) -> 16129.268 | F35: =F34*Orçamento!K146 -> 4032.317 | G35: =G34*Orçamento!K146 -> 12096.951
A36: 14 | B36: LOUÇAS E EQUIPAMENTOS | C36: =SUM(D36:I36) -> 1 | I36: 1
C37: =SUM(D37:I37) -> 14370.206 | I37: =I36*Orçamento!K156 -> 14370.206
A38: 16 | B38: PISCINA | C38: =SUM(D38:I38) -> 1 | G38: 1
C39: =SUM(D39:I39) -> 64648.411 | G39: =G38*Orçamento!K165 -> 64648.411
A41: Porcentagem do período Total do período | C41: 1 | D41: =(D42*C41)/C42 -> 0.078803844 | E41: =(E42*D41)/D42 -> 0.060420051 | F41: =(F42*E41)/E42 -> 0.17776013 | G41: =(G42*F41)/F42 -> 0.36085945 | H41: =(H42*G41)/G42 -> 0.27276091 | I41: =(I42*H41)/H42 -> 0.049395612
C42: =C11+C13+C15+C17+C19+C21+C23+C25+C27+C29+C31+C33+C35+C37+C39 -> 499477.52 | D42: =D11+D13+D15+D17+D19+D21+D23+D25+D27+D29+D31+D33+D35+D37+D39 -> 39360.748 | E42: =E11+E13+E15+E17+E19+E21+E23+E25+E27+E29+E31+E33+E35+E37+E39 -> 30178.457 | F42: =F11+F13+F15+F17+F19+F21+F23+F25+F27+F29+F31+F33+F35+F37+F39 -> 88787.186 | G42: =G11+G13+G15+G17+G19+G21+G23+G25+G27+G29+G31+G33+G35+G37+G39 -> 180241.18 | H42: =H11+H13+H15+H17+H19+H21+H23+H25+H27+H29+H31+H33+H35+H37+H39 -> 136237.94 | I42: =I11+I13+I15+I17+I19+I21+I23+I25+I27+I29+I31+I33+I35+I37+I39 -> 24671.998
A43: Porcentagem acumulada Total acumulado | I43: =I41+D41+F41+H41+G41+E41 -> 1
I44: =D42+E42+F42+G42+H42+I42 -> 499477.52
I48: Barracão, julho de 2026
